 Dungeon Crawl Stone Soup version 0.27-a0-1287-gca74d27db6 (webtiles) character file.

Game seed: 12100084801578861244

939 freelancePsychic the Magician (level 7, -1/54 HPs)
             Began as a Demonspawn Hedge Wizard on June 15, 2021.
             Was an Initiate of Sif Muna.
             Succumbed to a water moccasin's poison
             ... on level 6 of the Dungeon.
             The game lasted 00:24:47 (8413 turns).

freelancePsychic the Magician (DsWz)                Turns: 8413, Time: 00:24:47

Health: -1/54      AC:  7    Str: 10    XL:     7   Next: 87%
Magic:  4/13       EV: 12    Int: 20    God:    Sif Muna [......]
Gold:   218        SH:  4    Dex: 12    Spells: 6/14 levels left

rFire    . . .     SeeInvis .   d - +1 whip (freeze)
rCold    . . .     Faith    .   (no shield)
rNeg     . . .     Spirit   .   b - +0 robe
rPois    .         Reflect  .   k - +0 helmet
rElec    .         Harm     .   (no cloak)
rCorr    .         Rampage  .   (no gloves)
Will     .....                  (no boots)
Stlth    ++........             (no amulet)
HPRegen  0.18/turn              (no ring)
MPRegen  0.13/turn              (no ring)

@: lethally poisoned (-1 -> -14)
A: icemail 1, big brain 1, condensation shield
a: Renounce Religion


You were on level 6 of the Dungeon.
You worshipped Sif Muna.
Sif Muna was noncommittal.
You visited 1 branch of the dungeon, and saw 6 of its levels.

You collected 218 gold pieces.

Inventory:

Hand Weapons
 a - a +0 dagger
 d - a +1 whip of freezing (weapon)
Armour
 b - a +0 robe (worn)
 c - a +0 hat
 k - a +0 helmet (worn)
Magical Staves
 f - a staff of fire
Jewellery
 p - an amulet of the acrobat
Wands
 j - a wand of paralysis (7)
 l - a wand of mindburst (2)
 m - a wand of iceblast (7)
Scrolls
 e - 5 scrolls of identify {@r1}
 h - a scroll of enchant weapon
 n - a scroll of blinking
 o - a scroll of teleportation {@r4}
 q - a scroll of fog
Potions
 g - a potion of haste {@q3}


   Skills:
 * Level 4.0 Fighting
 - Level 1.9 Dodging
 - Level 1.7 Stealth
 - Level 4.3 Spellcasting
 - Level 4.1 Conjurations
 - Level 1.0 Summonings
 - Level 0.8 Translocations
 - Level 3.1 Air Magic
 - Level 3.1 Poison Magic
 + Level 3.0 Invocations


You had 6 spell levels left.
You knew the following spells:

 Your Spells              Type           Power      Damage    Failure   Level
a - Magic Dart            Conj           80%        1d7       2%          1
b - Blink                 Tloc           N/A        N/A       13%         2
d - Call Imp              Summ           8%         N/A       12%         2
e - Mephitic Cloud        Conj/Pois/Air  18%        N/A       9%          3

Your spell library contained the following spells:

 Spells                   Type           Power      Damage    Failure   Level
 Animate Skeleton         Necr           8%         N/A       13%         1
 Pain                     Necr           16%        1d4       13%         1
 Conjure Flame            Conj/Fire      12%        6-21      16%         3
 Slow                     Hex            4%         N/A       19%         2


Dungeon Overview and Level Annotations

Branches:
Dungeon (6/15)
 Temple: D:4-7

Altars:
Fedhas
Makhleb
Qazlal
Sif Muna
Trog
Wu Jian

Shops:
D:6 ?

Annotations:
D:5 Blork the orc, Dowan, Duvessa, Ijyb, Pikel
D:6 exclusion: phantom


Innate Abilities, Weirdness & Mutations

A meltable icy envelope protects you from harm. (AC +4)
You have an unusually large brain. (Int +2)
A meltable shield of frost defends you. (SH +4)


Message History

Your white imp hits the orc.
Your white imp freezes the orc.
The orc dies!
Sif Muna accepts your kill.
You closely miss the water moccasin.
The water moccasin is almost dead.
You feel very sick. The water moccasin barely misses you.
Your white imp gestures at the water moccasin.
The puff of frost misses the water moccasin.
Your white imp completely misses the water moccasin.
You closely miss the water moccasin.
The water moccasin is almost dead.
You feel very sick. The water moccasin bites you!
* * * LOW HITPOINT WARNING * * *
The water moccasin bites you but does no damage.
Your white imp closely misses the water moccasin. x2
* * * LOW HITPOINT WARNING * * *
You feel very sick. The water moccasin bites you.
* * * LOW HITPOINT WARNING * * *
You are more poisoned.
The water moccasin poisons you!
Your white imp barely misses the water moccasin.
Okay, then.
* * * LOW HITPOINT WARNING * * *
You feel very sick. The water moccasin misses you.
Your white imp misses the water moccasin.
You block the water moccasin's attack.
Your white imp gestures at the water moccasin.
The puff of frost hits the water moccasin!
The water moccasin dies!
Sif Muna accepts your kill.
You feel your strength returning.
Your Fighting skill increases to level 4!
Your Invocations skill increases to level 3!
* * * LOW HITPOINT WARNING * * *
You feel very sick.
You die...

###'##.# #.#.#.#
##......)## ##)
#..##.# #.###.#
##.....## ###
#.###.# #.# #.#
##...## #.. #.#
#.###.###.# #####
#.. ##.#
#.........# ≈≈≈≈≈
#.. ...#
#####.##### ≈.....
#.. #.##
#####.#######≈.###.
#.. #..#
#....<...##.5).###.
#### ### <8.#
#.###.##.##@#≈.###.
#..# #### #.##.##.#
..... ##.##### #
#.......# ≈≈≈≈
#....... #
####.#### ####
##.##### # #.# #..#
#.# #.# #..####.#
..# #.......# ###
######.######
#........######


You could see a friendly white imp (summoned).

Vanquished Creatures
  Grinder (D:3)
  Edmund (D:5)
  An ogre (D:6)
  A lemure (D:5)
  A water moccasin zombie (D:5)
  A hound (D:6)
  An orc priest (D:6)
  A bullfrog skeleton (D:3)
  A jelly (D:6)
  Jessica (D:3)
  2 orc wizards
  A scorpion zombie (D:5)
  Robin (D:3)
  A hound skeleton (D:4)
  4 adders
  4 gnolls
  2 worms (D:2)
  4 dart slugs
  6 orcs
  8 endoplasms
  3 giant cockroaches
  13 goblins
  7 hobgoblins
  7 jackals
  3 kobolds
  6 quokkas
  5 ball pythons
  2 bats (D:2)
  6 frilled lizards
  5 rats
100 creatures vanquished.

Vanquished Creatures (collateral kills)
  A water moccasin (D:6)
  A necrophage (D:5)
  Terence (D:2)
  A hound skeleton (D:5)
  2 gnolls
  An adder (D:2)
  An orc (D:6)
  A ball python (D:2)
  3 jackals (D:2)
12 creatures vanquished.

Grand Total: 112 creatures vanquished

Notes
Turn   | Place    | Note
-------+----------+-------------------------------------------
     0 | D:1      | freelancePsychic the Demonspawn Hedge Wizard began the
                  | quest for the Orb.
     0 | D:1      | Reached XP level 1. HP: 13/13 MP: 4/4
   239 | D:1      | Gained mutation: You have an unusually large brain. (Int
                  | +2) [demonic ancestry]
   239 | D:1      | Reached XP level 2. HP: 12/20 MP: 0/6
   417 | D:1      | HP: 1/20 [ball python (2)]
  1034 | D:1      | Reached skill level 1 in Fighting
  1139 | D:1      | Found a faded altar of an unknown god.
  1590 | D:1      | Learned a level 2 spell: Blink
  1593 | D:1      | Learned a level 2 spell: Call Imp
  1701 | D:2      | Gained mutation: A meltable shield of frost defends you.
                  | (SH +4) [demonic ancestry]
  1701 | D:2      | Reached XP level 3. HP: 26/26 MP: 5/7
  1810 | D:2      | Noticed Terence
  1832 | D:2      | Killed Terence
  2272 | D:2      | Reached XP level 4. HP: 32/32 MP: 7/9
  2930 | D:3      | Found a stormy altar of Qazlal.
  2933 | D:3      | Found a burning altar of Makhleb.
  2936 | D:3      | Found a blossoming altar of Fedhas.
  3297 | D:3      | Noticed Grinder
  3673 | D:3      | Noticed Jessica
  3685 | D:4      | Gained mutation: A meltable icy envelope protects you from
                  | harm. (AC +4) [demonic ancestry]
  3685 | D:4      | Reached XP level 5. HP: 35/38 MP: 3/10
  4200 | D:4      | Found a shimmering blue altar of Sif Muna.
  4203 | D:4      | Noticed an orc warrior
  4206 | D:4      | Identified Sif Muna's Grimoire of Necromancy
  4247 | D:4      | Became a worshipper of Sif Muna the Loreminder
  4375 | D:3      | Killed Jessica
  4558 | D:3      | Noticed Robin
  4836 | D:2      | Reached skill level 1 in Invocations
  5283 | D:5      | Entered Level 5 of the Dungeon
  5322 | D:5      | Noticed Blork the orc
  5327 | D:5      | Noticed Pikel
  5327 | D:5      | Noticed a lemure
  5327 | D:5      | Noticed a lemure
  5327 | D:5      | Noticed a lemure
  5579 | D:4      | Reached XP level 6. HP: 45/45 MP: 6/12
  5671 | D:5      | Learned a level 3 spell: Mephitic Cloud
  5783 | D:5      | Noticed Duvessa
  6409 | D:5      | Noticed Edmund
  6698 | D:5      | Noticed Dowan
  6729 | D:4      | Found a bloodstained altar of Trog.
  6797 | D:3      | Reached skill level 1 in Air Magic
  6816 | D:3      | Killed Grinder
  6817 | D:3      | Reached skill level 1 in Poison Magic
  7023 | D:3      | Reached XP level 7. HP: 50/51 MP: 6/13
  7085 | D:3      | Killed Robin
  7536 | D:5      | Killed Edmund
  7646 | D:5      | Found an ornate altar of the Wu Jian Council.
  7923 | D:5      | Noticed Ijyb
  8270 | D:6      | Identified the +0 ring mail of Xapy {Regen+ rCorr MP-9
                  | Str+3}
  8290 | D:6      | Found Tackyt Fasu's Magic Scroll Emporium.
  8412 | D:6      | HP: 2/54 [poisoned by a water moccasin]
  8413 | D:6      | Succumbed to a water moccasin's poison

Illustrated notes

Levels and vault maps discovered:
D:1:      zelgadis_glass_arrival_small, layout_loops_cross,
          ebering_ecumenical_altar_hall, minmay_misc_feat_four_crosses,
          minmay_tetromino_s4
D:2:      layout_rooms, uniq_terence
D:3:      layout_basic, grunt_temple_overflow_diamond, amethyst_killhole,
          kennysheep_generic_room_4, uniq_jessica, uniq_robin, uniq_grinder
D:4:      layout_basic, nzn_overflow_gifts_of_might_and_magic,
          minmay_misc_feat_roman
D:5:      layout_basic, lemuel_round_altar, hangedman_decor_slide_cut,
          uniq_edmund, uniq_ijyb, uniq_duvessa, uniq_blork_the_orc, uniq_pikel
D:6:      layout_loops_corners, nicolae_dithmenos_the_darkroom, serial_shops,
          nicolae_shop_statue_plus, minmay_liquid_box, roderic_three_in_a_row,
          kennysheep_generic_room_11, uniq_sigmund

Skill      XL: |  1  2  3  4  5  6  7 |
---------------+----------------------+-----
Fighting       | 1 2 4 |  4.0
Conjurations   | 2 3 4 |  4.1
Spellcasting   | 4 |  4.3
Invocations    | 1 2 3 |  3.0
Air Magic      | 2 3 |  3.1
Poison Magic   | 1 3 |  3.1
Dodging        | |  1.9
Stealth        | |  1.7
Summonings     | |  1.0
Translocations | |  0.8

Action                   |  1- 3 |  4- 6 |  7- 9 || total
-------------------------+-------+-------+-------++-------
Melee: Dagger            |     8 |       |       ||     8
       Whip              |    32 |    59 |    70 ||   161
 Cast: Magic Dart        |    77 |   141 |    32 ||   250
       Call Imp          |     5 |    25 |    18 ||    48
       Blink             |       |     7 |     2 ||     9
       Mephitic Cloud    |       |     6 |     7 ||    13
Evoke: Wand              |       |     3 |       ||     3
  Use: Scroll            |     1 |     6 |     3 ||    10
       Potion            |       |     6 |       ||     6
 Stab: Sleeping          |     1 |       |       ||     1
       Confused          |       |     1 |     1 ||     2
Armor: Robe              |    13 |    23 |    32 ||    68
Dodge: Dodged            |    37 |    53 |    23 ||   113
Block: Other             |     3 |    17 |    13 ||    33

Table legend: (Time is in decaauts)
 A = Elapsed time spent in this place.
 B = Non-inter-level travel time spent in this place.
 C = Inter-level travel time spent in this place.
 D = Time resting spent in this place.
 E = Time spent auto-exploring this place.
 F = Levels seen in this place.
 G = Mean time per level.
                   A        B        C        D        E       F      G
               +--------+--------+--------+--------+--------+-----+--------+
         Total |   8424 |   8142 |    282 |   1374 |   5155 |   6 | 1404.0 |
       Dungeon |   8424 |   8142 |    282 |   1374 |   5155 |   6 | 1404.0 |
               +--------+--------+--------+--------+--------+-----+--------+

Top non-repeatable levels by time:
     D:3: 1760 daAuts
     D:1: 1718 daAuts
     D:2: 1598 daAuts
     D:5: 1492 daAuts
     D:4: 1140 daAuts
     D:6: 714 daAuts
